[ AOE2 MATCH · #506107565 ]
UnrankedCumans vs Mongols
Player's team · WIN
Rival team · LOSS
[ REPLAY ANALYSIS · EXTRACTED FROM THE RECORDED GAME ]
Feudal
9:45
Castle
—
Imperial
—
| APM avg | 55.2 |
| APM peak | 89 |
| eAPM avg | 18.7 |
| Villagers / military | 40 / 4 |
Focus
⚔️ 39.2% · 🌾 60.8%
Spearman ×2 · Scout Cavalry ×2
Feudal
7:25
Castle
—
Imperial
—
| APM avg | 75.9 |
| APM peak | 106 |
| eAPM avg | 21.5 |
| Villagers / military | 28 / 11 |
Focus
⚔️ 44.5% · 🌾 55.5%
Skirmisher ×8 · Scout Cavalry ×3
Match map
Initial resources + every placement click. Lines = walls · curves = elevation contours. ◆ gold · ⬟ stone · ● berries · ✦ relic · ◌ wall gap
Your base· Open — unwalled flank
Craftmk's base· Open — unwalled flank
Smoothed initial terrain · ◌ = detected wall gap · hover for details
Inputs per minute
— Rheinwg - - Craftmk
Build order — Rheinwg
82 actions detected in the replay
| 0:00 | Queue | Villager (Male) |
| 0:00 | Queue | Villager (Male) |
| 0:01 | Queue | Villager (Male) |
| 0:01 | Queue | Villager (Male) |
| 0:02 | Build | House |
| 0:04 | Build | House |
| 1:36 | Queue | Villager (Male) |
| 2:01 | Queue | Villager (Male) |
| 2:22 | Build | Lumber Camp |
| 2:29 | Queue | Villager (Male) |
| 2:29 | Queue | Villager (Male) |
| 2:55 | Queue | Villager (Male) |
| 2:56 | Queue | Villager (Male) |
| 3:23 | Queue | Villager (Male) |
| 3:48 | Queue | Villager (Male) |
| 3:48 | Queue | Villager (Male) |
| 4:22 | Queue | Villager (Male) |
| 4:23 | Queue | Villager (Male) |
| 4:23 | Queue | Villager (Male) |
| 4:30 | Build | Mill |
| 4:59 | Queue | Villager (Male) |
| 5:09 | Build | House |
| 5:58 | Queue | Villager (Male) |
| 6:35 | Queue | Villager (Male) |
| 6:35 | Queue | Villager (Male) |
| 6:54 | Queue | Villager (Male) |
| 7:30 | Research | Feudal Age |
| 7:45 | Build | Barracks |
| 8:03 | Build | Palisade Wall |
| 8:06 | Build | Palisade Wall |
| 8:08 | Build | Palisade Wall |
| 8:09 | Build | Palisade Wall |
| 8:10 | Build | Palisade Wall |
| 8:30 | Build | Palisade Wall |
| 8:44 | Build | Palisade Wall |
| 9:21 | Build | Palisade Wall |
| 9:23 | Build | Palisade Wall |
| 9:25 | Build | Palisade Wall |
| 9:26 | Build | Palisade Wall |
| 9:28 | Build | Palisade Wall |
| 9:29 | Build | Palisade Wall |
| 9:41 | Build | House |
| 9:45 | Age | Feudal Age |
| 9:45 | Build | Palisade Wall |
| 9:46 | Build | Palisade Wall |
| 9:47 | Build | Palisade Wall |
| 9:54 | Queue | Villager (Male) |
| 9:55 | Queue | Spearman |
| 9:56 | Research | Loom |
| 10:08 | Research | Double-Bit Axe |
| 10:20 | Queue | Villager (Male) |
| 10:27 | Queue | Spearman |
| 10:28 | Queue | Villager (Male) |
| 10:51 | Queue | Villager (Male) |
| 11:07 | Build | Town Center |
| 11:18 | Queue | Villager (Male) |
| 11:52 | Queue | Villager (Male) |
| 12:24 | Queue | Villager (Male) |
| 12:25 | Queue | Villager (Male) |
| 12:25 | Queue | Villager (Male) |
| 12:25 | Queue | Villager (Male) |
| 12:36 | Build | Stable |
| 12:40 | Queue | Villager (Male) |
| 12:44 | Build | Farm |
| 12:52 | Queue | Villager (Male) |
| 13:08 | Queue | Scout Cavalry |
| 13:12 | Build | Farm |
| 13:39 | Queue | Villager (Male) |
| 13:57 | Build | House |
| 13:59 | Build | House |
| 14:10 | Queue | Villager (Male) |
| 14:20 | Queue | Scout Cavalry |
| 14:28 | Queue | Villager (Male) |
| 14:28 | Queue | Villager (Male) |
| 14:49 | Queue | Villager (Male) |
| 15:25 | Queue | Villager (Male) |
| 15:25 | Queue | Villager (Male) |
| 15:30 | Build | Farm |
| 15:30 | Build | Farm |
| 15:30 | Build | Farm |
| 15:30 | Build | Farm |
| 15:30 | Build | Farm |
Build order — Craftmk
64 actions detected in the replay
| 0:01 | Queue | Villager (Male) ×4 |
| 0:03 | Build | House |
| 0:05 | Build | House |
| 1:42 | Queue | Villager (Male) |
| 1:52 | Queue | Villager (Male) |
| 2:39 | Build | Lumber Camp |
| 2:42 | Queue | Villager (Male) |
| 2:49 | Queue | Villager (Male) |
| 3:16 | Queue | Villager (Male) |
| 3:37 | Queue | Villager (Male) |
| 4:22 | Queue | Villager (Male) |
| 4:46 | Build | Mill |
| 4:48 | Research | Loom |
| 5:15 | Research | Feudal Age |
| 6:36 | Build | Barracks |
| 7:00 | Build | House |
| 7:25 | Age | Feudal Age |
| 7:29 | Build | Stable |
| 7:33 | Queue | Villager (Male) |
| 7:50 | Queue | Villager (Male) |
| 8:05 | Queue | Scout Cavalry |
| 8:18 | Queue | Villager (Male) |
| 8:22 | Build | House |
| 8:31 | Queue | Scout Cavalry |
| 8:42 | Research | Horse Collar |
| 8:42 | Research | Horse Collar |
| 8:48 | Queue | Villager (Male) |
| 9:20 | Queue | Villager (Male) |
| 9:30 | Queue | Villager (Male) |
| 9:38 | Build | Archery Range |
| 10:08 | Build | Blacksmith |
| 10:12 | Queue | Villager (Male) |
| 10:19 | Queue | Skirmisher |
| 10:41 | Queue | Villager (Male) |
| 10:43 | Queue | Skirmisher |
| 10:58 | Build | Farm |
| 11:06 | Build | Farm |
| 11:15 | Build | House |
| 11:20 | Build | House |
| 11:29 | Queue | Villager (Male) |
| 11:31 | Queue | Skirmisher |
| 11:31 | Queue | Skirmisher |
| 11:49 | Queue | Skirmisher |
| 11:53 | Queue | Villager (Male) |
| 11:57 | Build | Farm |
| 12:08 | Queue | Skirmisher |
| 12:17 | Build | Farm |
| 12:28 | Queue | Villager (Male) |
| 12:30 | Build | Farm |
| 12:38 | Build | Farm |
| 12:41 | Build | Farm |
| 12:42 | Queue | Villager (Male) |
| 12:46 | Queue | Skirmisher |
| 13:15 | Research | Fletching |
| 13:15 | Research | Fletching |
| 13:41 | Queue | Villager (Male) |
| 13:47 | Queue | Villager (Male) |
| 14:05 | Build | Watch Tower |
| 14:27 | Build | Mining Camp |
| 14:27 | Queue | Villager (Male) |
| 15:09 | Queue | Villager (Male) |
| 15:21 | Queue | Scout Cavalry |
| 15:22 | Queue | Skirmisher |
| 15:22 | Queue | Villager (Male) |
Match timeline
| 6:36 | Craftmk · first_building Barracks |
| 7:25 | Craftmk · age_up feudal |
| 7:29 | Craftmk · first_building Stable |
| 7:45 | Rheinwg · first_building Barracks |
| 8:03 | Rheinwg · wall_segment Palisade Wall x1 |
| 8:06 | Rheinwg · wall_segment Palisade Wall x1 |
| 8:08 | Rheinwg · wall_segment Palisade Wall x1 |
| 8:09 | Rheinwg · wall_segment Palisade Wall x1 |
| 8:10 | Rheinwg · wall_segment Palisade Wall x1 |
| 8:30 | Rheinwg · wall_segment Palisade Wall x1 |
| 8:44 | Rheinwg · wall_segment Palisade Wall x1 |
| 9:21 | Rheinwg · wall_segment Palisade Wall x1 |
| 9:23 | Rheinwg · wall_segment Palisade Wall x1 |
| 9:25 | Rheinwg · wall_segment Palisade Wall x1 |
| 9:26 | Rheinwg · wall_segment Palisade Wall x1 |
| 9:28 | Rheinwg · wall_segment Palisade Wall x1 |
| 9:29 | Rheinwg · wall_segment Palisade Wall x1 |
| 9:38 | Craftmk · first_building Archery Range |
| 9:45 | Rheinwg · age_up feudal |
| 9:45 | Rheinwg · wall_segment Palisade Wall x1 |
| 9:46 | Rheinwg · wall_segment Palisade Wall x1 |
| 9:47 | Rheinwg · wall_segment Palisade Wall x1 |
| 12:36 | Rheinwg · first_building Stable |
| 15:35 | Craftmk · resign |
[ AI ANALYSIS · 1 CREDIT ]
What really happened in this match?
Wolo.gg analyzes every decision: build order, eco, micro, common mistakes by bracket. Personalized analysis on WhatsApp or Discord in 30 seconds.
Civ guide
Cumans
Perfil
Jugador #6204592